 Dungeon Crawl Stone Soup version 0.30-a0-586-g23e55c9e0a (webtiles) character file.

Game seed: 7372217396925856930

242 wormed the Spear-Bearer (level 6, -14/53 HPs)
             Began as a Gnoll Wanderer on Jan 4, 2023.
             Engulfed by a cloud of flame (26 damage)
             ... on level 3 of the Dungeon.
             The game lasted 00:04:01 (2252 turns).

wormed the Spear-Bearer (Gnoll Wanderer)            Turns: 2252, Time: 00:04:01

Health: -14/53     AC:  4    Str: 19    XL:     6   Next: 9%
Magic:  8/8        EV: 22    Int:  9    God:
Gold:   169        SH:  0    Dex:  8    Spells: 8/8 levels left

rFire   . . .      SeeInvis .    a - +3 spear
rCold   . . .      Faith    .    (no shield)
rNeg    . . .      Spirit   .    e - +0 leather armour
rPois   .          Reflect  .    g - +0 helmet
rElec   .          Harm     .    (no cloak)
rCorr   .          Rampage  .    (no gloves)
Will    .....                    (no boots)
Stlth   +                        (no amulet)
HPRegen 0.28/turn                h - +5 ring of evasion
MPRegen 0.11/turn                s - +5 ring of evasion

@: studying Evocations
A: fangs 1, strong nose, distributed training
a: no special abilities


You were on level 3 of the Dungeon.
You visited 1 branch of the dungeon, and saw 3 of its levels.

You collected 191 gold pieces.
You spent 22 gold pieces at shops.

Inventory:

Hand Weapons
 a - a +3 spear (weapon)
Missiles
 p - 3 poisoned darts (quivered)
Armour
 e - a +0 leather armour (worn)
 g - a +0 helmet (worn)
Jewellery
 h - a +5 ring of evasion (left hand)
 s - a +5 ring of evasion (right hand)
Scrolls
 b - 3 scrolls of immolation {unknown}
 c - a scroll of teleportation {unknown}
 f - a scroll of identify
 m - a scroll of torment {unknown}
 q - a scroll of noise {unknown}
 r - a scroll of magic mapping {unknown}
 u - a scroll of blinking {unknown}
Potions
 d - 3 potions of might
 j - 4 potions of flight
 k - a potion of degeneration
 n - a potion of lignification {unknown}
 o - 2 potions of magic {unknown}
 t - a potion of berserk rage {unknown}


   Skills:
 + Level 6.8 Fighting
 + Level 1.9 Short Blades
 + Level 1.9 Long Blades
 + Level 1.9 Axes
 + Level 1.9 Maces & Flails
 + Level 8.7 Polearms
 + Level 1.9 Staves
 + Level 1.9 Ranged Weapons
 + Level 3.2 Throwing
 + Level 3.2 Armour
 + Level 3.2 Dodging
 + Level 1.9 Stealth
 + Level 1.9 Shields
 + Level 1.9 Unarmed Combat
 + Level 1.9 Spellcasting
 + Level 1.5 Conjurations
 + Level 1.5 Hexes
 + Level 1.5 Summonings
 + Level 1.5 Necromancy
 + Level 1.5 Translocations
 + Level 1.5 Transmutations
 + Level 1.5 Fire Magic
 + Level 1.5 Ice Magic
 + Level 1.5 Air Magic
 + Level 1.5 Earth Magic
 + Level 1.5 Poison Magic
 + Level 2.1 Invocations
 + Level 2.3 Evocations


You had 8 spell levels left.
You didn't know any spells.
Your spell library was empty.

Dungeon Overview and Level Annotations

Branches:
Dungeon (3/15)

Altars:
Dithmenos
Kikubaaqudgha
Yredelemnul

Shops:
D:2 *

Annotations:
D:3 1 runed translucent door


Innate Abilities, Weirdness & Mutations

You have very sharp teeth.
Your uncanny sense of smell can sniff out nearby items.
Your experience applies equally to all skills.


Message History

Things that are here:
a +0 dagger; a +0 leather armour; an orc corpse
Found a stone staircase leading down.
There is a stone staircase leading down here.
Key pressed, stopping explore.
You see here a +0 club.
There is a stone staircase leading down here.
You see here a +0 robe.
Key pressed, stopping explore.
There is a stone staircase leading up here.
Partly explored, can't reach some items and places.
Partly explored, can't reach some items and places.
Partly explored, can't reach some items and places.
Partly explored, can't reach some items and places.
Partly explored, can't reach some items and places.
Really walk into a travel-excluded area?
You are engulfed in blazing flames.
Really walk into that cloud of flame?
Okay, then.
You are engulfed in blazing flames.
It was a potion of heal wounds.
You feel much better.
You are engulfed in blazing flames.
You are engulfed in blazing flames.
u - a scroll labelled SIUXOVOYSEU You now have 131 gold pieces (gained 6).
You now have 142 gold pieces (gained 11).
You now have 153 gold pieces (gained 11).
You now have 162 gold pieces (gained 9).
You now have 169 gold pieces (gained 7).
You start resting.
HP restored.
Really walk into a travel-excluded area?
Really walk into that cloud of flame?
You are engulfed in blazing flames.
You are engulfed in blazing flames.
You feel much better.
You are engulfed in blazing flames.
You are engulfed in blazing flames.
* * * LOW HITPOINT WARNING * * *
You feel better.
You are engulfed in blazing flames.
You die...

.# ##.## #☼☼☼# #.#
## #.># #§§☼# #.# .#
##.#######...#####.#
.#
#.[#.○§§.....☼§§..#
†#
##...☼☼§....[§§...#
.#
#....§○§.....§§☼.##
.#
##.#######...######
## ##..# #☼○§#
#####).## #§@§#
.....).# #§°○#
######.########...#
#...........##
#############


There were no monsters in sight!

Vanquished Creatures
  A phantom (D:3)
  Jessica (D:2)
  2 orc wizards (D:3)
  An adder (D:3)
  3 dart slugs
  6 orcs (D:3)
  5 ball pythons (D:1)
  11 endoplasms
  3 giant cockroaches (D:1)
  7 goblins
  6 hobgoblins
  4 jackals (D:2)
  5 quokkas
  4 bats
  A frilled lizard (D:3)
  3 kobolds (D:1)
  A kobold zombie (D:3)
  6 rats
70 creatures vanquished.

Vanquished Creatures (others)
  An endoplasm (D:3)
1 creature vanquished.

Grand Total: 71 creatures vanquished

Notes
Turn   | Place    | Note
-------+----------+-------------------------------------------
     0 | D:1      | wormed the Gnoll Wanderer began the quest for the Orb.
     0 | D:1      | wormed set off with the following items: a +3 spear, 9
                  | boomerangs, a +0 dagger, a potion of might, a +0 leather
                  | armour.
     0 | D:1      | Reached XP level 1. HP: 23/23 MP: 1/1
    87 | D:1      | Reached XP level 2. HP: 29/29 MP: 2/2
   310 | D:1      | Reached XP level 3. HP: 30/35 MP: 3/3
   362 | D:1      | You fall into a shaft and drop 1 floor!
   536 | D:1      | Reached skill level 1 in Invocations
   822 | D:2      | Reached skill level 1 in Short Blades
   822 | D:2      | Reached skill level 1 in Long Blades
   822 | D:2      | Reached skill level 1 in Axes
   822 | D:2      | Reached skill level 1 in Maces & Flails
   822 | D:2      | Reached skill level 1 in Staves
   822 | D:2      | Reached skill level 1 in Ranged Weapons
   822 | D:2      | Reached skill level 1 in Stealth
   822 | D:2      | Reached skill level 1 in Shields
   822 | D:2      | Reached skill level 1 in Unarmed Combat
   822 | D:2      | Reached skill level 1 in Spellcasting
   822 | D:2      | Reached skill level 1 in Evocations
   984 | D:2      | Noticed Jessica
   988 | D:2      | Killed Jessica
   989 | D:2      | Reached skill level 1 in Conjurations
   989 | D:2      | Reached skill level 1 in Hexes
   989 | D:2      | Reached skill level 1 in Summonings
   989 | D:2      | Reached skill level 1 in Necromancy
   989 | D:2      | Reached skill level 1 in Translocations
   989 | D:2      | Reached skill level 1 in Transmutations
   989 | D:2      | Reached skill level 1 in Fire Magic
   989 | D:2      | Reached skill level 1 in Ice Magic
   989 | D:2      | Reached skill level 1 in Air Magic
   989 | D:2      | Reached skill level 1 in Earth Magic
   989 | D:2      | Reached skill level 1 in Poison Magic
   989 | D:2      | Reached XP level 4. HP: 41/41 MP: 5/5
  1044 | D:2      | Found Zatuari's General Store.
  1053 | D:2      | Bought a scroll of identify for 22 gold pieces
  1253 | D:2      | Identified a scroll of acquirement
  1253 | D:2      | Acquired a manual of Evocations
  1512 | D:3      | Reached XP level 5. HP: 47/47 MP: 5/7
  1556 | D:3      | Found a runed translucent door.
  1556 | D:3      | Noticed a human
  1563 | D:3      | Found a basalt altar of Yredelemnul.
  1565 | D:3      | Found an ancient bone altar of Kikubaaqudgha.
  1625 | D:3      | Found a shadowy altar of Dithmenos.
  1759 | D:3      | Noticed a phantom
  1774 | D:3      | Killed a phantom
  1873 | D:3      | Reached XP level 6. HP: 30/53 MP: 8/8
  2252 | D:3      | Engulfed by a cloud of flame

Illustrated notes

Levels and vault maps discovered:
D:1:      saegor_arrival_under_anarchy, layout_basic, minmay_pentomino_p4
D:2:      layout_basic, serial_shops, nicolae_shop_trees,
          hangedman_decor_points, kennysheep_jessica_study
D:3:      minmay_angry_zag, layout_rooms, mainiacjoe_overflow_small_starburst,
          lemuel_doored_altar, dk_yredelemnul_ordeal, lemuel_flame_loot_1

Skill      XL: |  1  2  3  4  5 |
---------------+----------------+-----
Invocations    | 1 2 |  2.1
Short Blades   | 1 |  1.9
Long Blades    | 1 |  1.9
Axes           | 1 |  1.9
Maces & Flails | 1 |  1.9
Staves         | 1 |  1.9
Ranged Weapons | 1 |  1.9
Stealth        | 1 |  1.9
Shields        | 1 |  1.9
Unarmed Combat | 1 |  1.9
Spellcasting   | 1 |  1.9
Evocations     | 1 2 |  2.3
Conjurations   | 1 |  1.5
Hexes          | 1 |  1.5
Summonings     | 1 |  1.5
Necromancy     | 1 |  1.5
Translocations | 1 |  1.5
Transmutations | 1 |  1.5
Fire Magic     | 1 |  1.5
Ice Magic      | 1 |  1.5
Air Magic      | 1 |  1.5
Earth Magic    | 1 |  1.5
Poison Magic   | 1 |  1.5
Throwing       | 3 |  3.2
Armour         | 3 |  3.2
Dodging        | 3 |  3.2
Fighting       | |  6.8
Polearms       | |  8.7

Action                   |  1- 3 |  4- 6 || total
-------------------------+-------+-------++-------
Melee: Spear             |    98 |    71 ||   169
       Bite              |     5 |     1 ||     6
  Use: Scroll            |       |     6 ||     6
       Potion            |       |     3 ||     3
Armor: Leather armour    |    12 |     4 ||    16
Dodge: Dodged            |    23 |    15 ||    38

Table legend: (Time is in decaauts)
 A = Elapsed time spent in this place.
 B = Non-inter-level travel time spent in this place.
 C = Inter-level travel time spent in this place.
 D = Time resting spent in this place.
 E = Time spent auto-exploring this place.
 F = Levels seen in this place.
 G = Mean time per level.
                   A        B        C        D        E       F      G
               +--------+--------+--------+--------+--------+-----+--------+
         Total |   2197 |   2099 |     98 |    300 |   1453 |   3 |  732.3 |
       Dungeon |   2197 |   2099 |     98 |    300 |   1453 |   3 |  732.3 |
               +--------+--------+--------+--------+--------+-----+--------+

Top non-repeatable levels by time:
     D:1: 762 daAuts
     D:3: 727 daAuts
     D:2: 708 daAuts
